 Dungeon Crawl Stone Soup version 0.21-a0-215-g0631661 (webtiles) character file.

36061 Ijustatesigmund the Fighter (level 13, -2/125 HPs)
             Began as a Minotaur Fighter on Aug 22, 2017.
             Was an Elder of Cheibriados.
             Slain by a 13-headed hydra (11 damage)
             ... on level 12 of the Dungeon.
             The game lasted 00:33:15 (12955 turns).

Ijustatesigmund the Fighter (Minotaur Fighter)     Turns: 12955, Time: 00:33:15

Health: -2/125     AC: 15    Str: 32    XL:     13   Next: 51%
Magic:  11/20      EV: 14    Int: 20    God:    Cheibriados [****..]
Gold:   1234       SH: 15    Dex: 25    Spells: 11/12 levels left

rFire    . . .     SeeInvis +   a - +1 war axe
rCold    . . .     Gourm    .   c - +1 shield
rNeg     . . .     Faith    .   b - +0 chain mail
rPois    +         Spirit   .   x - +2 hat {SInv}
rElec    .         Reflect  .   k - +1 cloak
rCorr    .         Harm     .   (no gloves)
MR       .....                  (no boots)
Stlth    ..........             (no amulet)
HPRegen  0.30/turn              D - +3 ring of strength
MPRegen  0.17/turn              (no ring)

@: brilliant, flayed, very slow
A: retaliatory headbutt, horns 2, poison resistance, weak 1
a: Bend Time, Temporal Distortion, Slouch, Renounce Religion


You were on level 12 of the Dungeon.
You worshipped Cheibriados.
Cheibriados was greatly pleased with you.
You were not hungry.

You visited 3 branches of the dungeon, and saw 15 of its levels.

You collected 1234 gold pieces.

Inventory:

Hand Weapons
 a - a +1 war axe (weapon)
 G - a +0 flail
Missiles
 g - 6 throwing nets
 i - 3 javelins of returning (quivered)
Armour
 b - a +0 chain mail (worn)
 c - a +1 shield (worn)
 k - a +1 cloak (worn)
 x - a +2 hat of see invisible (worn)
 F - a scarf of resistance
Jewellery
 n - an uncursed ring of ice
 A - the ring of Mistrust {Ice MR+}
   (You took it off an orc on level 9 of the Dungeon)

   [ring of ice]

   It enhances your ice magic.
   It makes you vulnerable to fire.
   It protects you from cold.
   It affects your resistance to hostile enchantments.
 D - a +3 ring of strength (left hand)
Wands
 o - a wand of confusion (12/48)
 r - a wand of acid (1/15)
 t - a wand of clouds (1/9)
 B - a wand of paralysis (11/24)
Scrolls
 j - a scroll of immolation
 l - 11 scrolls of remove curse
 m - 2 scrolls of amnesia
 q - a scroll of identify
 C - a scroll of magic mapping
Potions
 e - a potion of cancellation
 u - 3 potions of flight
 v - 6 potions of curing
Books
 y - a book of Callings

   Spells                             Type                      Level
   a - Summon Small Mammal            Summoning                    1
   b - Call Imp                       Summoning                    2
   c - Call Canine Familiar           Summoning                    3
   d - Summon Guardian Golem          Hexes/Summoning              3
   e - Summon Lightning Spire         Summoning/Air                4
   f - Summon Ice Beast               Ice/Summoning                4
 z - a book of Minor Magic

   Spells                             Type                      Level
   a - Magic Dart                     Conjuration                  1
   b - Blink                          Translocation                2
   c - Call Imp                       Summoning                    2
   d - Slow                           Hexes                        2
   e - Conjure Flame                  Conjuration/Fire             3
   f - Mephitic Cloud                 Conjuration/Poison/Air       3
Miscellaneous
 d - a lamp of fire
Comestibles
 f - 11 bread rations
 h - 10 royal jellies
 p - 8 fruits
 s - a chunk of flesh
 E - 2 meat rations


   Skills:
 + Level 14.5 Fighting
 + Level 14.4 Axes
 - Level 9.0 Armour
 - Level 7.2 Dodging
 - Level 8.8 Shields
 + Level 10.8 Invocations


You had 11 spell levels left.
You knew the following spells:

 Your Spells              Type           Power        Failure   Level  Hunger
a - Magic Dart            Conj           ##..         17%         1    ##.....


Dungeon Overview and Level Annotations

Branches:
Dungeon (13/15)            Temple (1/1) D:7            Lair (1/6) D:8
    Orc (0/2) D:11         Vaults (0/5) D:13

Altars:
Ashenzari
Cheibriados
Dithmenos
Elyvilon
Fedhas
Gozag
Hepliaklqana
Kikubaaqudgha
Makhleb
Nemelex Xobeh
Okawaru
Qazlal
Ru
Sif Muna
Trog
Uskayaw
Vehumet
Wu Jian
Xom
Yredelemnul
Zin
The Shining One
Beogh

Shops:
D:11 (


Innate Abilities, Weirdness & Mutations

You reflexively headbutt those who attack you in melee.
You have a pair of horns on your head.
Your system is resistant to poisons. (rPois)
You are weak. (Str -2)


Message History

* * * LOW HITPOINT WARNING * * *
The 12-headed hydra misses you. The 12-headed hydra bites you.
* * * LOW HITPOINT WARNING * * *
The flayed ghost stares at you with tortured malice.
You hit the flayed ghost.
The flayed ghost is heavily damaged.
You chop one of the 12-headed hydra's heads off!
The 11-headed hydra grows two more!
You slash the 13-headed hydra! You hit the hippogriff.
The flayed ghost cries, "Feel what I felt!"
You block the 13-headed hydra's attack.
The 13-headed hydra completely misses you.
The 13-headed hydra barely misses you.
The 13-headed hydra bites you but does no damage.
The 13-headed hydra bites you.
* * * LOW HITPOINT WARNING * * *
You block the 13-headed hydra's attack. x2
The 13-headed hydra bites you but does no damage.
The 13-headed hydra bites you!
You die...

##.................
#..................
##....W.............
#........######.....
#......### ###...
#....)## ##..
#.....# #..
#..W†######## #####.
#..@(###....###[###.
#..DH##......##[(##.
#....##..##..##..##.
#....##..##..##..##.
#....##..##..##..##.
#....##..##(.##..##.
#....##..##(.##..##.
#....##..##..##..##.
#....##..##).##..##.


You could see a 13-headed hydra, 2 flayed ghosts and a hippogriff.

Vanquished Creatures
  A sphinx (D:12)
  Gastronok (D:9)
  A fire dragon (D:12)
  A great orb of eyes (D:12)
  An ogre mage (D:12)
  Harold (D:11)
  Erolcha (D:9)
  3 hydras
  A rakshasa (D:13)
  A death knight (D:12)
  6 two-headed ogres
  2 unseen horrors (D:12)
  A lindwurm (D:13)
  The ghost of p0werm0de the Skirmisher, a novice DsAE of Cheibriados (D:7)
  5 ugly things
  2 deep elf magi
  Joseph (D:7)
  A gargoyle (D:12)
  A freezing wraith (D:13)
  5 trolls
  A hornet (D:7)
  Prince Ribbit (D:7)
  2 slime creatures (D:12)
  5 hippogriffs
  A shadow (D:12)
  3 wraiths
  A wyvern (D:12)
  A spriggan (D:9)
  28 yaks
  Grum (D:11)
  A vampire mosquito (D:12)
  Menkaure (D:7)
  A soldier ant (D:11)
  2 acid dragons (D:12)
  Duvessa (D:4)
  2 hell hounds (D:8)
  A floating eye (shapeshifter) (D:13)
  2 water moccasins
  4 ice beasts
  A black bear (D:12)
  A necrophage (D:10)
  4 orc warriors
  2 phantoms
  4 sky beasts
  7 ogres
  2 wolves (D:11)
  7 centaurs
  5 big kobolds
  6 bullfrogs
  A gnoll sergeant (D:12)
  Dowan (D:4)
  3 scorpions
  7 killer bees
  A wight (D:12)
  9 howler monkeys
  5 crimson imps
  4 centaur zombies
  4 quasits
  3 bullfrog zombies
  4 jellies
  8 hounds
  13 orc wizards
  Crazy Yiuf (D:7)
  A gnoll shaman (D:5)
  9 orc priests
  A bullfrog skeleton (D:6)
  4 centaur skeletons
  An iguana (D:12)
  11 worker ants
  A worker ant zombie (D:6)
  6 gnolls
  11 adders
  2 shadow imps
  An adder skeleton (D:5)
  An adder zombie (D:5)
  3 worms
  3 dart slugs
  6 leopard geckos
  48 orcs
  4 giant cockroaches
  5 goblins
  10 hobgoblins
  14 jackals
  4 quokkas
  A ball python (D:4)
  15 bats
  4 frilled lizards
  25 kobolds
  4 rats
394 creatures vanquished.

Notes
Turn   | Place    | Note
-------+----------+-------------------------------------------
     0 | D:1      | Ijustatesigmund the Minotaur Fighter began the quest for the Orb.
     0 | D:1      | Reached XP level 1. HP: 19/19 MP: 0/0
    93 | D:1      | Reached XP level 2. HP: 27/27 MP: 1/1
   398 | D:1      | Reached XP level 3. HP: 33/33 MP: 2/2
   930 | D:2      | Reached XP level 4. HP: 39/41 MP: 3/3
  1105 | D:2      | Gained mutation: You are weak. (Str -2) [potion of mutation]
  1105 | D:2      | Gained mutation: Your system is resistant to poisons. (rPois) [potion of mutation]
  1382 | D:2      | Found a hazy altar of Hepliaklqana.
  1537 | D:3      | Reached skill level 5 in Axes
  1562 | D:3      | Found a glowing golden altar of the Shining One.
  1564 | D:3      | Found a shimmering altar of Xom.
  1662 | D:3      | Found an ancient bone altar of Kikubaaqudgha.
  1908 | D:4      | Reached skill level 5 in Fighting
  1908 | D:4      | Reached XP level 5. HP: 48/48 MP: 4/4
  2170 | D:4      | Reached XP level 6. HP: 50/56 MP: 5/5
  2483 | D:4      | Noticed Dowan
  2484 | D:4      | Noticed Duvessa
  2499 | D:4      | Killed Duvessa
  2499 | D:4      | Reached skill level 1 in Dodging
  2511 | D:4      | Killed Dowan
  2511 | D:4      | Reached XP level 7. HP: 29/63 MP: 6/6
  2800 | D:5      | Entered Level 5 of the Dungeon
  3369 | D:6      | Found a shattered altar of Ashenzari.
  3488 | D:6      | Found a sparkling altar of Nemelex Xobeh.
  3501 | D:6      | Reached skill level 5 in Armour
  3515 | D:6      | Reached skill level 5 in Shields
  3688 | D:6      | Reached XP level 8. HP: 67/71 MP: 7/7
  3859 | D:6      | Noticed a hippogriff
  3865 | D:6      | Killed a hippogriff
  4202 | D:7      | Noticed Joseph
  4217 | D:7      | Killed Joseph
  4349 | D:7      | Noticed a hippogriff
  4361 | D:7      | Killed a hippogriff
  4398 | D:7      | Noticed Prince Ribbit
  4418 | D:7      | Killed Prince Ribbit
  4418 | D:7      | Reached XP level 9. HP: 43/81 MP: 8/8
  4605 | D:7      | Found a staircase to the Ecumenical Temple.
  4614 | Temple   | Entered the Ecumenical Temple
  4703 | Temple   | Became a worshipper of Cheibriados the Contemplative
  4792 | D:7      | Found a runed door.
  4856 | D:7      | Noticed Crazy Yiuf
  4860 | D:7      | Killed Crazy Yiuf
  4985 | D:7      | Found a transporter.
  4995 | D:7      | Noticed Menkaure
  4995 | D:7      | Noticed p0werm0de's ghost (novice DsAE)
  4995 | D:7      | Found a roughly hewn altar of Beogh.
  5007 | D:7      | Killed Menkaure
  5007 | D:7      | Reached skill level 1 in Invocations
  5009 | D:7      | Killed p0werm0de's ghost
  5011 | D:7      | Noticed a troll
  5039 | D:7      | Reached * piety under Cheibriados
  5040 | D:7      | Killed a troll
  5332 | D:7      | Found a transporter.
  5713 | D:8      | Found a staircase to the Lair.
  5721 | D:8      | Reached ** piety under Cheibriados
  5721 | D:8      | Reached XP level 10. HP: 55/93 MP: 12/12
  5735 | D:8      | Reached skill level 10 in Axes
  5936 | Lair:1   | Entered Level 1 of the Lair of Beasts
  6092 | D:8      | Noticed a two-headed ogre
  6099 | D:8      | Killed a two-headed ogre
  6099 | D:8      | Reached skill level 10 in Fighting
  6099 | D:8      | Reached skill level 5 in Invocations
  6575 | D:9      | Noticed Gastronok
  6586 | D:9      | Killed Gastronok
  6768 | D:9      | Learned a level 1 spell: Magic Dart
  7003 | D:9      | Found a hide-covered altar of Uskayaw.
  7116 | D:9      | Reached skill level 5 in Dodging
  7148 | D:9      | Got a twitching copper ring
  7151 | D:9      | Identified the ring of Mistrust {Ice MR+} (You took it off an orc on level 9 of the Dungeon)
  7711 | D:9      | Noticed Erolcha
  7721 | D:9      | Killed Erolcha
  7721 | D:9      | Reached XP level 11. HP: 88/102 MP: 14/14
  7750 | D:10     | Entered Level 10 of the Dungeon
  7949 | D:10     | Reached *** piety under Cheibriados
  8134 | D:10     | You fall through a shaft for 3 floors!
  8182 | D:13     | Noticed a seven-headed hydra
  8185 | D:13     | Killed a seven-headed hydra
  8315 | D:13     | Found a sparkling altar of Nemelex Xobeh.
  8609 | D:13     | Noticed a green ugly thing
  8626 | D:13     | Killed a green ugly thing
  8643 | D:13     | Noticed a lindwurm
  8649 | D:13     | Noticed a lindwurm
  8649 | D:13     | a snapping turtle changed into a lindwurm
  8652 | D:13     | Killed a lindwurm
  8654 | D:13     | a lindwurm changed into a water nymph
  8658 | D:13     | Reached **** piety under Cheibriados
  8910 | D:13     | Found a gate to the Vaults.
  8946 | D:13     | Noticed a deep elf mage
  8947 | D:13     | Noticed a two-headed ogre
  8957 | D:13     | Killed a deep elf mage
  8958 | D:13     | Killed a two-headed ogre
  9131 | D:12     | Noticed an unseen horror
  9140 | D:12     | Killed an unseen horror
  9143 | D:12     | Noticed a white ugly thing
  9147 | D:12     | Noticed a green ugly thing
  9159 | D:12     | Killed a purple ugly thing
  9161 | D:12     | Killed a green ugly thing
  9161 | D:12     | Reached XP level 12. HP: 84/112 MP: 16/16
  9481 | D:13     | Noticed a rakshasa
  9500 | D:13     | Killed a rakshasa
  9896 | D:12     | Noticed an eight-headed hydra
  9952 | D:12     | Found a runed door.
  9979 | D:12     | Reached ***** piety under Cheibriados
 10058 | D:12     | Noticed a two-headed ogre
 10194 | D:12     | Killed an 11-headed hydra
 10492 | D:11     | Noticed Harold
 10500 | D:11     | Killed Harold
 10539 | D:11     | Found a staircase to the Orcish Mines.
 11169 | D:11     | Noticed a two-headed ogre
 11176 | D:11     | Killed a two-headed ogre
 11207 | D:11     | Found Siugep's Weapon Boutique.
 11234 | D:11     | Noticed Grum
 11241 | D:11     | Killed Grum
 11387 | D:11     | Reached ****** piety under Cheibriados
 11391 | D:11     | Found a roughly hewn altar of Beogh.
 11498 | D:12     | Noticed an ogre mage
 11508 | D:12     | Killed an ogre mage
 11520 | D:12     | Noticed a death knight
 11535 | D:12     | Killed a death knight
 11535 | D:12     | Reached XP level 13. HP: 43/123 MP: 19/19
 12245 | D:12     | Reached skill level 10 in Invocations
 12380 | D:12     | Noticed a sphinx
 12383 | D:12     | Killed a sphinx
 12417 | D:12     | Noticed a fire dragon
 12436 | D:12     | Killed a fire dragon
 12943 | D:12     | Noticed an ettin
 12955 | D:12     | Slain by a 13-headed hydra

Vault maps used:
D:1:      roderic_crop_circles_arrival_small, minmay_cut_off
D:2:      marbit_many_paths, first_bread
D:3:      kiku_gazebo_garden_becter, nicolae_overflow_hidden_temple
D:4:      kennysheep_generic_room_6, uniq_duvessa
D:6:      kennysheep_little_box, evilmike_ruin_ashenzari
D:7:      gammafunk_beogh_shrine, minmay_temple_entry_trees,
          uniq_prince_ribbit1, uniq_joseph, uniq_crazy_yiuf_cottage,
          uniq_menkaure
D:8:      minmay_lair_entry_lava
D:9:      kennysheep_mini, the_bakery, solitary_fountain, uniq_gastronok,
          uniq_erolcha
D:10:     roderic_malta_cross
D:11:     minmay_orc_entry_temple_small, serial_shops, nicolae_shop_crystal,
          uniq_grum, uniq_harold
D:12:     minmay_nested_s, lightli_airlock
D:13:     david_vaults_4, basic_altar
Temple:   regret_index_temple_sphere_string
Lair:1:   basic_altar

Skill      XL: |  1  2  3  4  5  6  7  8  9 10 11 12 13 |
---------------+----------------------------------------+-----
Axes           | 3 4 5 6 7 8 9 11 12 13 14 | 14.4
Fighting       | 4 5 6 8 9 11 13 14 | 14.5
Dodging        | 1 3 4 5 7 |  7.2
Armour         | 4 5 6 7 9 |  9.0
Shields        | 4 5 6 7 8 |  8.8
Invocations    | 4 6 7 9 10 | 10.8

Action                   |  1- 3 |  4- 6 |  7- 9 | 10-12 | 13-15 || total
-------------------------+-------+-------+-------+-------+-------++-------
Melee: War axe           |    93 |   136 |   210 |   526 |   119 ||  1084
       Headbutt          |    18 |    17 |    50 |   178 |    54 ||   317
Throw: Javelin           |       |       |       |     5 |       ||     5
Invok: Slouch            |       |       |       |       |     5 ||     5
       Step From Time    |       |       |       |       |     1 ||     1
Evoke: Wand              |       |       |     4 |    13 |     7 ||    24
  Use: Scroll            |     6 |     6 |     7 |     8 |       ||    27
       Potion            |       |     3 |     7 |     2 |     2 ||    14
 Stab: Invisible         |       |       |     1 |       |       ||     1
       Paralysed         |       |       |       |       |     3 ||     3
       Confused          |       |       |       |       |     2 ||     2
  Eat: Chunk             |       |     4 |     7 |     8 |     3 ||    22
       Royal jelly       |       |       |     1 |       |       ||     1
       Fruit             |       |       |     2 |     2 |       ||     4
Armor: Scale mail        |     2 |       |       |       |       ||     2
       Chain mail        |    40 |    58 |   102 |   150 |    48 ||   398
       Skin              |       |       |       |     1 |       ||     1
Dodge: Dodged            |    32 |    33 |    68 |   230 |    68 ||   431
Block: Shield            |    42 |    77 |   146 |   407 |   109 ||   781

Table legend:
 A = Spawn XP
 B = Non-spawn XP
 C = Spawn XP percentage of total XP
 D = Spawn monster count
 E = Non-spawn monster count
 F = Spawn count percentage of total count
 G = Total turns spent on level
                    A         B        C        D         E        F      G
               +---------+---------+-------+---------+---------+-------+---------
         Total |    6733 |   44783 |  13.1 |      57 |     337 |  14.5 | 12955
               +---------+---------+-------+---------+---------+-------+---------
           D:1 |       4 |      48 |   7.7 |       2 |      26 |   7.1 |   704
           D:2 |       7 |      60 |  10.4 |       2 |      21 |   8.7 |   720
           D:3 |       0 |      59 |   0.0 |       0 |      21 |   0.0 |   368
           D:4 |       0 |     607 |   0.0 |       0 |      15 |   0.0 |  1008
           D:5 |       0 |     316 |   0.0 |       0 |      11 |   0.0 |   560
           D:6 |     322 |     485 |  39.9 |       7 |      12 |  36.8 |   802
           D:7 |     449 |    2722 |  14.2 |       7 |      28 |  20.0 |  1334
           D:8 |       3 |    1665 |   0.2 |       1 |      15 |   6.2 |   887
           D:9 |     271 |    4859 |   5.3 |       7 |      24 |  22.6 |  1217
          D:10 |     624 |     965 |  39.3 |       3 |      20 |  13.0 |   706
          D:11 |    1455 |    4486 |  24.5 |       8 |      34 |  19.0 |   644
          D:12 |    3381 |   20786 |  14.0 |      17 |      74 |  18.7 |  2668
          D:13 |     217 |    7725 |   2.7 |       3 |      36 |   7.7 |  1185
               +---------+---------+-------+---------+---------+-------+---------
